 Dungeon Crawl Stone Soup version 0.31.0-9-g3a7656b989 (webtiles) character file.

Game seed: 18125497902378214078

24523 Chiseanne the Warrior (level 12, -11/114 HPs)
             Began as a Demonspawn Shapeshifter on Feb 5, 2024.
             Was an Initiate of Gozag.
             Mangled by an orc knight
             ... wielding a +1 broad axe
              (17 damage)
             ... on level 2 of the Orcish Mines on Feb 6, 2024.
             The game lasted 00:40:40 (16689 turns).

Chiseanne the Warrior (Demonspawn Shapeshifter)    Turns: 16689, Time: 00:40:41

Health: -11/114    AC: 16    Str: 13    XL:     12   Next: 81%
Magic:  12/12      EV: 12    Int: 12    God:    Gozag
Gold:   988        SH:  0    Dex: 15    Spells: 11/11 levels left

rFire   + + +        a - +5 rapier (flame)
rCold   . . .        (no shield)
rNeg    . . .        G - +9 scale mail of the Growing Gods {Rampage rF++ Str-3}
rPois   +            (helmet currently unavailable)
rElec   .            (cloak currently unavailable)
rCorr   .            (gloves currently unavailable)
SInv    .            (boots currently unavailable)
Will    .....        (no amulet) Stlth
                     j - ring of protection from fire
HPRegen 0.39/turn    L - ring of poison resistance
MPRegen 0.13/turn

%: rampage
@: beast-form
A: beast (slay +4), horns 2, rugged brown scales 1, powered by death 1, spiny 1
a: Begin Untransformation, Renounce Religion, Potion Petition, Call Merchant,
Bribe Branch


You were on level 2 of the Orcish Mines.
You worshipped Gozag.
Gozag was pleased with you.
You were a hulking beast.
You visited 3 branches of the dungeon, and saw 16 of its levels.

You collected 4107 gold pieces.
You spent 1625 gold pieces at shops.
You paid 1494 gold pieces to Gozag.

Inventory:

Hand Weapons
 a - a +5 rapier of flaming (weapon)
 w - the +6 sling of Agony {flame, Int+3}
   (You found it on level 11 of the Dungeon)

   Int+3:     It affects your intelligence (+3).
 B - a +2 broad axe
 E - a +2 hand axe of electrocution
 F - a +1 scimitar of flaming
 K - a +2 falchion of freezing
Missiles
 b - 4 javelins
 e - 21 stones
 l - 22 boomerangs
 p - 5 poisoned darts
 z - 4 curare-tipped darts
 J - 5 atropa-tipped darts (quivered)
Armour
 f - a +4 ring mail of poison resistance
 g - a +1 cloak
 q - the +0 robe of Idealism {rPois Int+2 Dex+6}
   (You took it off an orc wizard on level 8 of the Dungeon)

   Int+2:     It affects your intelligence (+2).
   Dex+6:     It affects your dexterity (+6).
   rPois:     It protects you from poison
 t - the +1 ring mail of Maophiy {rElec rC- Regen+ Str+3}
   (You bought it in a shop on level 1 of the Orcish Mines)

   Str+3:     It affects your strength (+3).
   rC-:       It makes you vulnerable to cold.
   rElec:     It insulates you from electricity.
   Regen+:    It increases your rate of health regeneration.
 C - a +0 plate armour of fire resistance
 D - the +3 scale mail of the Present {*Slow Will++ rCorr Stlth+}
   (You bought it in a shop on level 9 of the Dungeon)

   Will++:    It greatly increases your willpower.
   rCorr:     It protects you from acid and corrosion.
   *Slow:     It may slow you when you take damage.
   Stlth+:    It makes you more stealthy.
 G - the +9 scale mail of the Growing Gods (worn) {Rampage rF++ Str-3}
   (You bought it in a shop on level 1 of the Orcish Mines)

   Str-3:     It affects your strength (-3).
   rF++:      It greatly protects you from fire.
   Rampage:   It bestows one free step when moving towards enemies.
 M - the orb of the Fiddle {mayhem, Fly Will+++ Regen+ Dex-2}
   (You bought it in a shop on level 1 of the Orcish Mines)

   Dex-2:     It affects your dexterity (-2).
   Will+++:   It greatly increases your willpower.
   Fly:       It grants you flight.
   Regen+:    It increases your rate of health regeneration.
Jewellery
 j - a ring of protection from fire (left hand)
 m - a ring of positive energy
 L - a ring of poison resistance (right hand)
Talismans
 c - a beast talisman
 d - a flux talisman
 A - a blade talisman
Wands
 n - a wand of flame (13)
 u - a wand of mindburst (44)
 v - a wand of digging (3)
 y - a wand of polymorph (10)
Scrolls
 h - 3 scrolls of teleportation
 r - 7 scrolls of identify
Potions
 i - a potion of magic
 k - 4 potions of lignification
 o - 2 potions of enlightenment
 s - 7 potions of curing
 x - a potion of cancellation
 H - a potion of resistance
 I - a potion of mutation


   Skills:
 - Level 15.7 Fighting
 * Level 8.1 Dodging
 * Level 10.3 Unarmed Combat
 * Level 9.5 Shapeshifting


You had 11 spell levels left.
You didn't know any spells.
Your spell library contained the following spells:

 Spells                   Type           Power      Damage    Failure   Level
 Jinxbite                 Hex            0%         N/A       94%         2
 Lesser Beckoning         Tloc           0%         N/A       94%         2
 Dazzling Flash           Conj/Hex       0%         N/A       99%         3
 Gell's Gravitas          Tloc           0%         N/A       99%         3
 Teleport Other           Tloc           0%         N/A       99%         3
 Tukima's Dance           Hex            0%         N/A       99%         3
 Volatile Blastmotes      Fire/Tloc      0%         2d10      99%         3
 Cause Fear               Hex            0%         N/A       100%        4
 Passage of Golubria      Tloc           0%         N/A       100%        4
 Fireball                 Conj/Fire      0%         3d3       100%        5
 Silence                  Hex/Air        0%         N/A       100%        5
 Yara's Violent Unravell  Hex/Alch       0%         3d3       100%        5
 Starburst                Conj/Fire      0%         6d3       100%        6
 Enfeeble                 Hex            0%         N/A       100%        7
 Lehudib's Crystal Spear  Conj/Erth      0%         10d2      100%        8
 Maxwell's Capacitive Co  Air            0%         ∞         100%        8
 Dragon's Call            Summ           0%         N/A       100%        9


Dungeon Overview and Level Annotations

Branches:
Dungeon (13/15)            Temple (1/1) D:4            Lair (0/5) D:8
    Orc (2/2) D:9             Elf (0/3) Orc:2        Vaults (0/5) D:13

Altars:
Ashenzari
Cheibriados
Dithmenos
Fedhas
Gozag
Hepliaklqana
Kikubaaqudgha
Makhleb
Nemelex Xobeh
Okawaru
Qazlal
Ru
Sif Muna
Trog
Uskayaw
Vehumet
Wu Jian
Xom
Yredelemnul

Shops:
D:1 *   D:2 *   D:7 !   D:8 [??   D:9 [   D:12 [   Orc:1 [[[

Annotations:
D:2 Sigmund
D:12 1 runed translucent door
Orc:2 3 runed translucent doors, Lamaleuchte's ghost, journeyman TrWr


Innate Abilities, Weirdness & Mutations

You are a hulking beast.
Your limbs bulge with bestial killing power. (Slay +4)
You have a pair of horns on your head.
You are partially covered in rugged brown scales. (AC +1, +3% HP)
You regenerate a little health from kills.
You are partially covered in sharp spines.


Message History

The orc knight barely misses you.
You hit the orc knight but do no damage.
The orc knight is moderately wounded.
The orc knight closely misses you.
You hit the orc knight but do no damage.
The orc knight is moderately wounded.
The orc knight hits you with a +1 broad axe.
The orc knight hits you with a +1 broad axe!
You hit the orc knight. You burn the orc knight.
The orc knight is moderately wounded.
The orc knight hits you with a +1 broad axe.
You puncture the orc knight! You burn the orc knight.
The orc knight is heavily wounded.
The orc knight hits you with a +1 broad axe!
You barely miss the orc knight.
The orc knight is heavily wounded.
The orc knight is struck by your spines.
The orc knight hits you with a +1 broad axe.
You hit the orc knight but do no damage.
Your headbutt misses the orc knight.
You punch the orc knight, but do no damage.
The orc knight is heavily wounded.
The orc knight hits you with a +1 broad axe!
You hit the orc knight but do no damage.
The orc knight is heavily wounded.
The orc knight hits you but does no damage.
The orc knight hits you with a +1 broad axe!
* * * LOW HITPOINT WARNING * * *
You hit the orc knight. You burn the orc knight.
Your headbutt misses the orc knight.
The orc knight is heavily wounded.
The orc knight hits you with a +1 broad axe!
* * * LOW HITPOINT WARNING * * *
Okay, then.
Okay, then.
You hit the orc knight. You burn the orc knight.
The orc knight is heavily wounded.
The orc knight hits you with a +1 broad axe!
You die...
Your body crumbles into a pile of gold.

..........##.................#.##
...........#..................#.#
......###....................#..#
..##.## #...................#...#
###### ##.....#.#$............##
.# ##...###....[..)#....## .#
##..#........[#)...## ## ###
###........._.......##
####.####.#.....h..........##
##.....#...#.....o......#..###
#............................###
##.#...#.......................##
####...........................#
##.#........................#
##.........................#
##...............<.........#
#....))..#.................#


You could see an orc knight.

Vanquished Creatures
  An ironbound preserver (D:13)
  An orc warlord (Orc:1)
  Erica (D:10)
  A boulder beetle (D:7)
  2 centaur warriors (D:13)
  2 two-headed ogres
  2 ugly things
  A manticore (D:13)
  6 cyclopes
  2 unseen horrors
  Psyche (D:10)
  5 trolls
  2 hornets
  5 slime creatures
  7 wyverns
  3 wraiths
  Eustachio (D:4)
  12 yaks
  6 wargs
  4 vampire mosquitoes (D:13)
  3 steam dragons
  5 water moccasins
  3 acid dragons
  19 orc warriors
  5 sky beasts
  An ice beast (D:7)
  5 black bears
  A wolf (D:8)
  8 ogres
  4 centaurs
  A phantom (D:5)
  4 bullfrogs
  A kobold brigand (D:8)
  2 gnoll sergeants (D:7)
  7 scorpions
  9 wights
  3 killer bees
  3 electric eels (D:6)
  4 howler monkeys
  3 hounds
  A jelly (D:4)
  2 gnoll boudas
  12 orc priests
  4 iguanas
  2 sleepcaps
  Terence (D:2)
  23 orc wizards
  11 gnolls
  4 adders
  A white imp (D:7)
  2 ufetubi (D:4)
  2 dart slugs
  4 ribbon worms
  65 orcs
  5 bats
  6 endoplasms
  2 giant cockroaches (D:1)
  4 goblins
  8 hobgoblins
  11 jackals
  3 kobolds
  3 quokkas
  7 ball pythons
  4 frilled lizards
  3 rats
346 creatures vanquished.

Vanquished Creatures (others)
  2 orcs
2 creatures vanquished.

Grand Total: 348 creatures vanquished

Notes
Turn   | Place    | Note
-------+----------+-------------------------------------------
     0 | D:1      | Chiseanne the Demonspawn Shapeshifter began the quest for
                  | the Orb.
     0 | D:1      | Reached XP level 1. HP: 15/15 MP: 1/1
   207 | D:1      | Gained mutation: You are partially covered in sharp spines.
                  | [demonic ancestry]
   207 | D:1      | Reached XP level 2. HP: 15/21 MP: 2/2
   262 | D:1      | Found Gaon's General Store.
   413 | D:1      | Found a faded altar of an unknown god.
   638 | D:1      | Identified a scroll of acquirement
   638 | D:1      | Acquired 656 gold pieces
   746 | D:1      | Gained mutation: You have a pair of small horns on your
                  | head. [demonic ancestry]
   746 | D:1      | Reached XP level 3. HP: 27/27 MP: 3/3
   931 | D:2      | Noticed Sigmund
   932 | D:2      | You fall into a shaft and drop 1 floor!
  1038 | D:2      | Noticed Terence
  1056 | D:2      | Killed Terence
  1057 | D:2      | Reached skill level 2 in Fighting
  1168 | D:2      | Gained mutation: You have a pair of horns on your head.
                  | [demonic ancestry]
  1168 | D:2      | Reached XP level 4. HP: 19/33 MP: 4/4
  1363 | D:2      | Found Juecapid's Assorted Antiques.
  1383 | D:2      | Bought a scroll labelled IVOATO CICUCO for 30 gold pieces
  2037 | D:3      | Noticed a bullfrog
  2068 | D:3      | Killed a bullfrog
  2069 | D:3      | Reached XP level 5. HP: 23/40 MP: 5/5
  2076 | D:3      | Reached skill level 3 in Fighting
  2385 | D:3      | Found a shimmering altar of Xom.
  2734 | D:4      | Noticed Eustachio
  2754 | D:4      | Killed Eustachio
  2755 | D:4      | Reached XP level 6. HP: 38/47 MP: 6/6
  3146 | D:4      | Reached XP level 7. HP: 49/53 MP: 7/7
  3343 | D:4      | Reached skill level 4 in Fighting
  3383 | D:4      | Found a staircase to the Ecumenical Temple.
  3560 | D:5      | Entered Level 5 of the Dungeon
  3713 | D:5      | Found a sacrificial altar of Ru.
  3869 | D:5      | Reached skill level 5 in Unarmed Combat
  4405 | Temple   | Entered the Ecumenical Temple
  4414 | Temple   | Became a worshipper of Gozag Ym Sagoz the Greedy
  4540 | D:6      | Reached XP level 8. HP: 23/61 MP: 8/8
  4544 | D:6      | Reached skill level 5 in Fighting
  4706 | D:6      | Reached skill level 5 in Shapeshifting
  5199 | D:6      | Reached skill level 6 in Fighting
  5242 | D:6      | Found a shimmering blue altar of Sif Muna.
  5262 | D:6      | Found an ancient bone altar of Kikubaaqudgha.
  5601 | D:6      | Gained mutation: You regenerate a little health from kills.
                  | [demonic ancestry]
  5601 | D:6      | Reached XP level 9. HP: 70/70 MP: 9/9
  5773 | D:7      | Bought a potion of cancellation for 136 gold pieces
  5773 | D:7      | Bought a potion of curing for 51 gold pieces
  5773 | D:7      | Bought a potion of curing for 51 gold pieces
  5773 | D:7      | Bought a potion of degeneration for 17 gold pieces
  5962 | D:7      | HP: 3/71 [orc/+0 trident (8)]
  6299 | D:7      | Noticed a boulder beetle
  6327 | D:7      | Killed a boulder beetle
  6328 | D:7      | Reached skill level 7 in Fighting
  6328 | D:7      | Reached skill level 5 in Dodging
  6439 | D:7      | Noticed a troll
  6447 | D:7      | Killed a troll
  6658 | D:7      | Gained mutation: You are partially covered in rugged brown
                  | scales. (AC +1, +3% HP) [demonic ancestry]
  6658 | D:7      | Reached XP level 10. HP: 66/82 MP: 10/10
  6960 | D:7      | Reached skill level 8 in Fighting
  7051 | D:7      | Bought a potion of curing for 51 gold pieces
  7051 | D:7      | Bought a potion of enlightenment for 85 gold pieces
  7286 | D:8      | Noticed a cyclops
  7318 | D:8      | Noticed a cyclops
  7328 | D:8      | Killed a cyclops
  7345 | D:8      | Killed a cyclops
  7406 | D:8      | Reached skill level 9 in Fighting
  7416 | D:8      | Reached skill level 10 in Fighting
  7444 | D:8      | Found a staircase to the Lair.
  7445 | D:8      | Identified the +0 robe of Idealism {rPois Int+2 Dex+6}
  7547 | D:8      | Reached skill level 11 in Fighting
  7785 | D:8      | Found Gehiav's Armour Boutique.
  7832 | D:8      | Found Pono's Magic Scroll Shop.
  7838 | D:8      | Bought a scroll of teleportation for 48 gold pieces
  7855 | D:8      | Reached skill level 12 in Fighting
  7855 | D:8      | Found a shadowy altar of Dithmenos.
  8177 | D:8      | Found Qotyadgh's Magic Scroll Boutique.
  8180 | D:8      | Bought a scroll of blinking for 97 gold pieces
  8333 | D:8      | Reached XP level 11. HP: 98/98 MP: 11/11
  8418 | D:9      | Reached skill level 13 in Fighting
  8558 | D:9      | Found a broken altar of Ashenzari.
  8683 | D:9      | Found Ijoul's Antique Armour Shoppe.
  8703 | D:9      | Bought a faintly glowing scale mail for 189 gold pieces
  8703 | D:9      | Identified the +3 scale mail of the Present {*Slow Will++
                  | rCorr Stlth+} (You bought it in a shop on level 9 of the
                  | Dungeon)
  8703 | D:9      | Bought a faintly glowing ring mail for 189 gold pieces
  8703 | D:9      | Identified the +2 ring mail of the Dragon {Int+4} (You
                  | bought it in a shop on level 9 of the Dungeon)
  8823 | D:9      | Found a staircase to the Orcish Mines.
  8914 | D:10     | Entered Level 10 of the Dungeon
  9079 | D:10     | Noticed Erica
  9091 | D:10     | Killed Erica
  9092 | D:10     | Reached skill level 14 in Fighting
  9177 | D:10     | Noticed a two-headed ogre
  9190 | D:10     | Killed a two-headed ogre
  9191 | D:10     | Reached skill level 15 in Fighting
  9451 | D:10     | Noticed Psyche
  9461 | D:10     | Killed Psyche
 10491 | D:11     | Identified the +0 ring mail of Integrity {rF+}
 10871 | D:11     | Noticed a two-headed ogre
 10883 | D:11     | Killed a two-headed ogre
 11083 | D:11     | Identified the +6 sling of Agony {flame, Int+3}
 11452 | D:12     | Noticed a frost giant
 11452 | D:12     | Noticed an ettin
 11452 | D:12     | Noticed a yaktaur captain
 11453 | D:12     | Found a runed translucent door.
 12108 | D:12     | Noticed a red ugly thing
 12114 | D:12     | Killed a red ugly thing
 12424 | D:13     | Reached XP level 12. HP: 109/113 MP: 12/12
 12567 | D:13     | Found a gate to the Vaults.
 12567 | D:13     | Noticed an ironbound preserver
 12567 | D:13     | Noticed a centaur warrior
 12579 | D:13     | Killed a centaur warrior
 12797 | D:13     | Killed an ironbound preserver
 13449 | D:13     | Noticed a centaur warrior
 13454 | D:13     | Killed a centaur warrior
 13717 | D:13     | Noticed a six-headed hydra
 13728 | D:13     | Noticed a centaur warrior
 14223 | Orc:1    | Entered Level 1 of the Orcish Mines
 14420 | Orc:1    | Found Vihezy's Antique Armour Shop.
 14502 | Orc:1    | Bought a brightly glowing ring mail for 189 gold pieces
 14502 | Orc:1    | Identified the +1 ring mail of Maophiy {rElec rC- Regen+
                  | Str+3} (You bought it in a shop on level 1 of the Orcish
                  | Mines)
 14502 | Orc:1    | Bought a translucent orb for 294 gold pieces
 14502 | Orc:1    | Identified the orb of the Fiddle {mayhem, Fly Will+++
                  | Regen+ Dex-2} (You bought it in a shop on level 1 of the
                  | Orcish Mines)
 14763 | Orc:1    | Noticed an orc warlord
 14813 | Orc:1    | HP: 2/114 [warg[an orc warlord] (15)]
 15194 | Orc:1    | Reached skill level 10 in Unarmed Combat
 15365 | Orc:1    | Killed an orc warlord
 15593 | Orc:1    | Found Hyrycsao's Antique Armour Shoppe.
 15599 | Orc:1    | Bought a masterwork scale mail for 198 gold pieces
 15599 | Orc:1    | Identified the +9 scale mail of the Growing Gods {Rampage
                  | rF++ Str-3} (You bought it in a shop on level 1 of the
                  | Orcish Mines)
 15614 | Orc:1    | Found Xinow's Antique Armour Shoppe.
 15696 | Orc:2    | Entered Level 2 of the Orcish Mines
 15696 | Orc:2    | Found a staircase to the Elven Halls.
 16185 | Orc:2    | Found a frozen archway.
 16207 | Orc:2    | Chiseanne: yeah right
 16376 | Orc:2    | Found a runed translucent gate.
 16377 | Orc:2    | Found a runed translucent gate.
 16378 | Orc:2    | Found a runed translucent gate.
 16398 | Orc:2    | Noticed Lamaleuchte's ghost (journeyman TrWr)
 16689 | Orc:2    | Chiseanne: 77just fuck you idiots
 16689 | Orc:2    | Mangled by an orc knight

Illustrated notes

Levels and vault maps discovered:
D:1:      dpeg_arrival_tiny_c, layout_basic, basic_ecumenical_altar,
          serial_shops, nicolae_shop_tiny_glass
D:2:      layout_basic, serial_shops, nicolae_shop_tiny_statue_garden,
          uniq_sigmund, uniq_terence
D:3:      layout_basic, brannock_xom_greatest_gift
D:4:      layout_basic, minmay_temple_entry_fiery, uniq_eustachio
D:5:      layout_rooms, lemuel_round_altar, serial_curves, eino_curves_01,
          eino_curves_02, dreamdust_mushroom_princess
D:6:      layout_rooms, mainiacjoe_overflow_alcove_2,
          mainiacjoe_overflow_cross_hatched, serial_bayou, serial_bayou_shore_a,
          serial_bayou_pond_b, serial_bayou_crossing, serial_bayou_lagoon_b
D:7:      nzn_winding_woodlands_small [nzn_winding_woodlands_5x15_concentric,
          nzn_winding_woodlands_center_lodge, nzn_winding_woodlands_5x15_eye],
          layout_rooms, nicolae_kite_square_tiling_tiny
D:8:      layout_loops_ring, grunt_dithmenos_smoke, minmay_lair_entry_grove,
          serial_shops, nicolae_square_shop, nicolae_shop_rolled_up,
          nicolae_shop_just_a_little_nook, minmay_manual_moon
D:9:      layout_rooms, cheibrodos_ashenzari_chains, orc_0_dummy, serial_shops,
          shop
D:10:     layout_cave_pools, minmay_orc_keep, uniq_erica, uniq_psyche
D:11:     layout_basic
D:12:     layout_cave_pools, serial_co_window_serial,
          co_window_of_opportunity_a, co_window_corner_a, co_window_corner_a,
          co_window_paths_b, co_window_paths_b, co_window_broadway_a,
          co_window_2corner, co_window_paths_c, co_window_2corner,
          co_window_corner_b, co_window_unsneaky_path_e, glass_columns_c,
          glass_columns_c, glass_columns_a, kennysheep_treasure_room
D:13:     minmay_two_paths, layout_basic, skrybe_vaults_entry_preservation
Temple:   eino_temple_scatter_basement
Orc:1:    layout_caves, serial_shops, nicolae_shop_rolling_square, shop_statue,
          nicolae_shop_waterfront
Orc:2:    st_orc_pillars, layout_caves, portal_ice_cave_entry_pillars_2,
          basic_altar, gammafunk_ghost_necromancy

Skill      XL: |  1  2  3  4  5  6  7  8  9 10 11 12 |
---------------+-------------------------------------+-----
Dodging        | 2 3 4 5 6 8 |  8.1
Unarmed Combat | 3 4 5 6 7 8 9 10 | 10.3
Shapeshifting  | 3 4 5 6 7 8 9 |  9.5
Fighting       | 2 3 4 6 7 12 15 | 15.7

Action                     |  1- 3 |  4- 6 |  7- 9 | 10-12 || total
---------------------------+-------+-------+-------+-------++-------
  Melee: Unarmed           |    77 |    73 |       |       ||   150
         Headbutt          |     2 |    20 |    54 |   146 ||   222
         Punch             |     1 |     1 |    15 |    35 ||    52
         Rapier            |       |    26 |   208 |   550 ||   784
         Falchion          |       |       |       |     3 ||     3
  Throw: Stone             |       |     1 |       |       ||     1
         Javelin           |       |       |     7 |     1 ||     8
         Dart              |       |       |       |    20 ||    20
 Invoke: Call Merchant     |       |       |     1 |     1 ||     2
  Evoke: Wand              |       |       |     3 |     9 ||    12
    Use: Scroll            |     6 |     4 |     7 |    15 ||    32
         Potion            |       |     1 |     2 |     3 ||     6
   Stab: Distracted        |       |       |       |     2 ||     2
 Armour: Animal skin       |     7 |       |       |       ||     7
         Leather armour    |     1 |       |       |       ||     1
         Ring mail         |    32 |    37 |   193 |   446 ||   708
         Scale mail        |       |    17 |       |    85 ||   102
         Skin              |       |    14 |       |       ||    14
  Dodge: Dodged            |    37 |    55 |   154 |   425 ||   671
